 Dungeon Crawl Stone Soup version 0.29-a0-214-g17f627cfee (webtiles) character file.

Game seed: 1070547159712801423

98 mcwallace the Chiller (level 4, -11/33 HPs)
             Began as a Merfolk Ice Elementalist on Feb 24, 2022.
             Mangled by an ice beast (13 damage)
             ... on level 3 of the Dungeon.
             The game lasted 00:03:26 (2717 turns).

mcwallace the Chiller (Merfolk Ice Elementalist)    Turns: 2717, Time: 00:03:27

Health: -11/33     AC:  3    Str:  8    XL:     4   Next: 71%
Magic:  6/8        EV: 14    Int: 23    God:
Gold:   88         SH:  0    Dex: 20    Spells: 4/8 levels left

rFire   . . .      SeeInvis .   s - +8 hand axe "Lohyewah" {vorpal, Int+7, axe}
rCold   . . .      Faith    .   (no shield)
rNeg    . . .      Spirit   .   a - +0 robe
rPois   .          Reflect  .   (no helmet)
rElec   .          Harm     .   (no cloak)
rCorr   .          Rampage  .   u - +0 pair of gloves
Will    .....                   (no boots)
Stlth   ++........              (no amulet)
HPRegen 0.11/turn               n - +6 ring of dexterity
MPRegen 0.11/turn               (no ring)

@: no status effects
A: (nimble swimmer 2), mertail
a: no special abilities


You were on level 3 of the Dungeon.
You visited 1 branch of the dungeon, and saw 3 of its levels.

You collected 88 gold pieces.


Innate Abilities, Weirdness & Mutations

((You are very nimble when in or above water. (Stealth+, EV+, Speed+++)))
Your lower body shifts to a powerful aquatic tail in water.


   Skills:
 + Level 2.0 Fighting
 + Level 3.9 Dodging
 - Level 2.1 Stealth
 + Level 2.8 Spellcasting
 + Level 5.0 Ice Magic


You had 4 spell levels left.
You knew the following spells:

 Your Spells              Type           Power      Damage    Failure   Level
a - Freeze                Ice            100%       1d11      1%          1
b - Frozen Ramparts       Ice            52%        1d7       4%          3

Your spell library contained the following spells:

 Spells                   Type           Power      Damage    Failure   Level
 Ozocubu's Armour         Ice            26%        N/A       4%          3
 Summon Small Mammal      Summ           12%        N/A       12%         1
 Call Canine Familiar     Summ           3%         N/A       34%         3
 Summon Guardian Golem    Hex/Summ       3%         N/A       34%         3
 Hailstorm                Conj/Ice       14%        3d5       38%         4

Inventory:

Hand Weapons
 f - a +0 dagger {short}
   (You took it off a kobold on level 1 of the Dungeon)
 s - the +8 hand axe "Lohyewah" (weapon) {vorpal, Int+7, axe}
   (You found it on level 2 of the Dungeon)

   It inflicts extra damage upon your enemies.
   Int:       It affects your intelligence (+7).
Missiles
 h - 61 stones {throwing}
Armour
 a - a +0 robe (worn)
 i - a +0 pair of gloves
   (You found it on level 1 of the Dungeon)
 k - a +0 robe
   (You found it on level 1 of the Dungeon)
 u - a +0 pair of gloves (worn)
   (You found it on level 2 of the Dungeon)
 y - a +0 robe
   (You found it on level 2 of the Dungeon)
 D - a +0 ring mail
   (You found it on level 3 of the Dungeon)
Magical Staves
 B - a staff of poison {!astaff}
   (You found it on level 3 of the Dungeon)
Jewellery
 n - a +6 ring of dexterity (left hand)
   (You found it on level 1 of the Dungeon)
Wands
 C - a wand of iceblast (10)
   (You found it on level 3 of the Dungeon)
Scrolls
 c - a scroll of blinking {unknown}
 d - 4 scrolls of vulnerability {unknown}
 e - a scroll of torment {unknown}
 g - 2 scrolls of fear {unknown}
 j - 2 scrolls of teleportation {unknown}
 l - a scroll of holy word {unknown}
 m - 3 scrolls of magic mapping {unknown}
 p - 3 scrolls of identify {unknown}
 t - a scroll of noise {unknown}
 x - 3 scrolls of amnesia {unknown}
 z - a scroll of acquirement {unknown}
Potions
 b - a potion of degeneration {unknown}
 o - 4 potions of curing {unknown}
 q - a potion of invisibility {unknown}
 r - a potion of flight {unknown}
 v - a potion of heal wounds {unknown}
 w - 2 potions of brilliance {unknown}
 A - a potion of resistance {unknown}

Dungeon Overview and Level Annotations

Branches:
Dungeon (3/15)

Altars:

Shops:
D:3

[( ############## #........<...
#..........# #..........# ....
#.....!....# #...##.#
...........# #...##.##
....####'#.# #.......# . #Y#.#
#....#..# #@#.####....#..# #####
#.#.#.......#..# #...#
###.#.#.#.....#..###
#...######.............#....#
##.........####.#.#......#.#.#
###>...........)................
#.............###..........#....
#.............# ###......#.###.#
#.............############.#####


You could see an ice beast.


Message History

The jackal barks!
A jackal comes into view.
A kobold comes into view. It is wielding a +0 club.
The jackal closely misses you.
The kobold shouts!
The jackal barks!
You slash the jackal!
You kill the jackal!
You barely miss the jackal. The jackal misses you.
The jackal completely misses you.
You hit the kobold.
You kill the kobold!
You hit the jackal.
You kill the jackal!
You slash the rat!
You kill the rat!
No target in view!
No target in view!
No target in view!
No target in view!
Things that are here:
a rat corpse; a jackal corpse
Things that are here:
a +0 club {mace}; a kobold corpse
There is an abandoned shop here.
There is an entrance to Doba Mogeor's Weapon Boutique here.
C - a wand of iceblast (10)
g - 2 scrolls labelled SIHODOOFOS (gained 1)
Found a stone staircase leading down.
h - 61 stones {throwing} (gained 22)
You now have 88 gold pieces (gained 9).
You see here a +0 hunting sling {sling}.
A bat comes into view.
A bat is nearby!
The bat hits you but does no damage. The bat barely misses you.
Found a stone staircase leading down.
The bat barely misses you. The bat closely misses you.
You slash the bat!
You kill the bat!
Your Fighting skill increases to level 2!
No target in view!
No target in view!
Key pressed, stopping explore.
D - a +0 ring mail You open the door.
Found a stone staircase leading up.
An ice beast and a hobgoblin come into view.
The hobgoblin shouts!
There is an open door here.
There are monsters nearby!
There is an open door here.
Casting: Freeze (safe; 1% risk of failure)
Confirm with . or Enter, or press ? or * to list all spells.
Casting: Frozen Ramparts (dangerous; 4% risk of failure)
Press: ? - help, Dir - look around, f - activate The walls around you are covered in ice.
The wall freezes the hobgoblin. 😎 MP[-3]
You lost 3 mp, and now have 5/8 mp.
The wall freezes the hobgoblin.
You kill the hobgoblin!
The ice beast completely resists.
The wall freezes the ice beast but does no damage.
Unknown command.
Casting: Frozen Ramparts (dangerous; 4% risk of failure)
Confirm with . or Enter, or press ? or * to list all spells.
Okay, then.
The ice beast completely resists.
The wall freezes the ice beast but does no damage.
You barely miss the ice beast.
The ice beast completely resists.
The wall freezes the ice beast but does no damage.
The ice beast misses you.
You hit the ice beast.
The ice beast completely resists.
The wall freezes the ice beast but does no damage.
The ice beast hits you but does no damage.
You barely miss the ice beast.
The ice beast completely resists.
The wall freezes the ice beast but does no damage.
The ice beast barely misses you.
The ice beast completely resists.
The wall freezes the ice beast but does no damage.
The ice beast barely misses you.
You slash the ice beast!
The ice beast completely resists.
The wall freezes the ice beast but does no damage.
The ice beast hits you.
The ice beast freezes you. 😮 HP[-9] MP[+1]
You take 9 damage, and now have 24/33 hp.
MASSIVE DAMAGE!! (PAUSE)
You hit the ice beast.
The frozen ramparts melt away.
The ice beast hits you. The ice beast freezes you.
* * * LOW HITPOINT WARNING * * *
😨 HP[-8]
You take 8 damage, and now have 16/33 hp.
MASSIVE DAMAGE!! (PAUSE)
You hit the ice beast but do no damage. The ice beast hits you.
* * * LOW HITPOINT WARNING * * *
The ice beast freezes you!
* * * LOW HITPOINT WARNING * * *
The ice beast hits you.
* * * LOW HITPOINT WARNING * * *
The ice beast freezes you!
You die...

Skill      XL: |  1  2  3  4 |
---------------+-------------+-----
Dodging        | 3 |  3.9
Fighting       | 1 2 |  2.0
Ice Magic      | 5 |  5.0
Stealth        | |  2.1
Spellcasting   | |  2.8

Action                   |  1- 3 |  4- 6 || total
-------------------------+-------+-------++-------
Melee: Unarmed           |     5 |       ||     5
       Dagger            |     9 |       ||     9
       Hand axe          |     7 |    33 ||    40
 Cast: Freeze            |    45 |     3 ||    48
       Frozen Ramparts   |     1 |     3 ||     4
 Stab: Sleeping          |     1 |     3 ||     4
Armor: Robe              |    12 |     7 ||    19
Dodge: Dodged            |    40 |    23 ||    63

Levels and vault maps discovered:
D:1:      matt_arrival_los_fun, layout_basic, shapermc_ecumenical_altar_venn,
          minmay_distorted
D:2:      minmay_general_purpose_star, layout_basic, chequers_decorated_corner,
          glass_columns_b
D:3:      layout_basic, serial_shops, shop_fountains, shop, shop,
          nicolae_shop_competitors_out_of_business

Notes
Turn   | Place    | Note
-------+----------+-------------------------------------------
     0 | D:1      | mcwallace the Merfolk Ice Elementalist began the quest for
                  | the Orb.
     0 | D:1      | Reached XP level 1. HP: 13/13 MP: 3/3
     0 | D:1      | magus.rc [v1.9.6]
   188 | D:1      | Found a faded altar of an unknown god.
   247 | D:1      | Reached skill level 3 in Dodging
   247 | D:1      | Reached XP level 2. HP: 18/20 MP: 3/5
   441 | D:1      | Reached skill level 1 in Fighting
   580 | D:1      | You pick up a book of Callings and begin reading...
   580 | D:1      | You add the spells Summon Small Mammal, Call Canine
                  | Familiar and Summon Guardian Golem to your library.
   726 | D:1      | Reached XP level 3. HP: 25/26 MP: 2/6
  1240 | D:2      | Identified the +8 hand axe "Lohyewah" {vorpal, Int+7}
  1570 | D:2      | Learned a level 3 spell: Frozen Ramparts
  1588 | D:2      | Reached XP level 4. HP: 32/32 MP: 3/7
  2574 | D:3      | Reached skill level 5 in Ice Magic
  2594 | D:3      | Found Vyrrozil's Antique Armour Emporium.
  2603 | D:3      | Found Doba Mogeor's Weapon Boutique.
  2666 | D:3      | Reached skill level 2 in Fighting
  2703 | D:3      | Noticed an ice beast
  2717 | D:3      | HP: 4/33 [ice beast (9)]
  2717 | D:3      | Mangled by an ice beast

Vanquished Creatures
  4 adders
  A worm (D:2)
  A dart slug (D:2)
  10 bats
  4 endoplasms
  3 giant cockroaches
  5 goblins
  3 hobgoblins
  5 jackals
  6 kobolds
  2 quokkas
  2 ball pythons
  7 rats
53 creatures vanquished.

Table legend:
 A = Non-vault XP
 B = Vault XP
 C = Vault XP percentage of total XP
 D = Non-vault monster count
 E = Vault monster count
 F = Vault count percentage of total count
                 A         B        C        D         E       F
            +---------+---------+-------+---------+---------+-------
      Total |     122 |      19 |  13.5 |      48 |       5 |   9.4
            +---------+---------+-------+---------+---------+-------
        D:1 |      41 |       4 |   8.9 |      24 |       2 |   7.7
        D:2 |      58 |      15 |  20.5 |      17 |       3 |  15.0
        D:3 |      23 |       0 |   0.0 |       7 |       0 |   0.0
            +---------+---------+-------+---------+---------+-------

Illustrated notes

Table legend:
 A = Kills in this place as a percentage of kills in entire the game.
 B = Kills by you in this place as a percentage of kills by you in the entire game.
 C = Kills by friends in this place as a percentage of kills by friends in the entire game.
 D = Other kills in this place as a percentage of other kills in the entire game.
 E = Experience gained in this place as a percentage of experience gained in the entire game.
 F = Experience gained in this place divided by the number of levels of this place that you have seen.
                   A       B       C       D       E      F
               +-------+-------+-------+-------+-------+----------------------
         Total | 100.0 | 100.0 |   N/A |   N/A | 100.0 |  47.0
       Dungeon | 100.0 | 100.0 |   N/A |   N/A | 100.0 |  47.0
               +-------+-------+-------+-------+-------+----------------------

Table legend: (Time is in decaauts)
 A = Elapsed time spent in this place.
 B = Non-inter-level travel time spent in this place.
 C = Inter-level travel time spent in this place.
 D = Time resting spent in this place.
 E = Time spent auto-exploring this place.
 F = Levels seen in this place.
 G = Mean time per level.
                   A        B        C        D        E       F      G
               +--------+--------+--------+--------+--------+-----+--------+
         Total |   2726 |   2669 |     57 |    165 |   2137 |   3 |  908.7 |
       Dungeon |   2726 |   2669 |     57 |    165 |   2137 |   3 |  908.7 |
               +--------+--------+--------+--------+--------+-----+--------+

Top non-repeatable levels by time:
     D:2: 1408 daAuts
     D:1: 1161 daAuts
     D:3: 156 daAuts
